 Dungeon Crawl Stone Soup version 0.16-a0-3265-g401194c (webtiles) character file.

2715 Minkie the Jinx (level 9, -1/57 HPs)
             Began as a Vampire Enchanter on Dec 23, 2014.
             Slain by an ufetubus (4 damage)
             ... summoned by a ynoxinul
             ... summoned by a kobold demonologist
             ... on level 7 of the Dungeon.
             The game lasted 00:36:37 (9453 turns).

Minkie the Jinx (Vampire Enchanter)                 Turns: 9453, Time: 00:36:37

Health: -1/57      AC:  6    Str:  8    XL:     9   Next: 39%
Magic:  2/14       EV: 15    Int: 20    God:
Gold:   160        SH:  0    Dex: 14    Spells: 3 memorised, 6 levels left

rFire  . . .     SeeInvis +     K - +4 rapier of the Valley of Death {pierce, Str-1} (curse)
rCold  + + .     Clarity  .     A - +2 robe {rN+}
rNeg   + + +     SustAb   .     (no shield)
rPois  +         Gourm    .     (no helmet)
rElec  .         Spirit   .     f - +0 cloak
rCorr  .         Warding  .     z - +0 pair of gloves
rMut   .         Stasis   .     (no boots)
MR     .....                    (no amulet)
Stlth  +++++.....               L - +2 ring of strength
                                I - ring of teleport control

@: regenerating slowly, not resistant to hostile enchantments, quite stealthy
A: bottle blood, fangs 3, see invisible, unbreathing
a: Bat Form, Evoke Teleport Control


You were on level 7 of the Dungeon.
You were near bloodless.

You visited 2 branches of the dungeon, and saw 8 of its levels.
You also visited: Sewer.

You collected 421 gold pieces.
You spent 261 gold pieces at shops.

Inventory:

Hand weapons
 a - a +1 dagger
 d - a +0 dagger of venom
 w - a +0 blowgun
 E - the cursed +5 spear of the Stoat {pierce, Noisy rC+ Str+2 Int+1, unknown}
   (You found it on level 4 of the Dungeon)

   It inflicts extra damage upon your enemies.
   It affects your strength (+2).
   It affects your intelligence (+1).
   It protects you from cold.
   It may make noises in combat.
   It has a curse placed upon it.
 K - the cursed +4 rapier of the Valley of Death (weapon) {pierce, Str-1}
   (You bought it in a shop on level 5 of the Dungeon)

   It inflicts extra damage upon your enemies.
   It affects your strength (-1).
   It has a curse placed upon it.
Missiles
 q - 41 poisoned needles
 H - 4 needles of paralysis
 N - 5 javelins (quivered)
Armour
 f - a +0 cloak (worn)
 z - a +0 pair of gloves (worn)
 A - a +2 robe of positive energy (worn)
Magical staves
 O - an uncursed staff of wizardry {unknown}
Jewellery
 I - a ring of teleport control (left hand)
 L - a +2 ring of strength (right hand)
Magical devices
 J - a wand of flame (9)
Scrolls
 j - 5 scrolls of teleportation {unknown}
 k - 3 scrolls of enchant weapon {unknown}
 l - 9 scrolls of identify {unknown}
 n - a scroll of noise {unknown}
 o - 4 scrolls of remove curse {unknown}
 p - a scroll of random uselessness {unknown}
 r - 3 scrolls of fear {unknown}
 t - 3 scrolls of fog {unknown}
 v - a scroll of magic mapping {unknown}
 y - a scroll of recharging {unknown}
 B - 2 scrolls of amnesia {unknown}
 C - a scroll of enchant armour {unknown}
 D - a scroll of blinking {unknown}
 T - a scroll of holy word {unknown}
Potions
 b - a potion of heal wounds {unknown}
 e - 2 potions of brilliance {unknown}
 g - a potion of beneficial mutation {unknown}
 h - 2 potions of lignification {unknown}
 i - 2 potions of might {unknown}
 m - 2 potions of cancellation {unknown}
 s - a potion of ambrosia {unknown}
 u - 2 potions of berserk rage {unknown}
 x - 6 potions of curing {unknown}
 G - 2 potions of mutation {unknown}
 M - a potion of restore abilities {unknown}
 Q - 2 potions of blood
 R - a potion of haste {unknown}
 S - a potion of flight {unknown}
Books
 c - a book of Maledictions

   Spells                             Type                      Level
   a - Corona                         Hexes                        1
   b - Sure Blade                     Hexes/Charms                 2
   c - Ensorcelled Hibernation        Hexes/Ice                    2
   d - Confuse                        Hexes                        3
   e - Dazzling Spray                 Conjuration/Hexes            3
   f - Enslavement                    Hexes                        4
 F - the Collected Works on Earthen Attacks
   (You found it on level 4 of the Dungeon)

   Spells                             Type                      Level
   a - Sting                          Conjuration/Poison           1
   b - Sandblast                      Earth                        1
   c - Conjure Flame                  Conjuration/Fire             3
   d - Passwall                       Transmutation/Earth          3
   e - Fulminant Prism                Conjuration/Hexes            4
   f - Statue Form                    Transmutation/Earth          6
 P - a book of Battle

   Spells                             Type                      Level
   a - Infusion                       Charms                       1
   b - Shroud of Golubria             Charms/Translocation         2
   c - Song of Slaying                Charms                       2
   d - Spectral Weapon                Hexes/Charms                 3
   e - Regeneration                   Charms/Necromancy            3


   Skills:
 + Level 8.0 Short Blades
 + Level 6.2 Dodging
 - Level 10.0 Stealth
 - Level 2.0 Spellcasting
 + Level 11.0 Hexes


You had 6 spell levels left.
You knew the following spells:

 Your Spells              Type           Power        Failure   Level  Hunger
a - Corona                Hex            #####..      1%          1    #......
b - Ensorcelled Hibernat  Hex/Ice        ###...       2%          2    ##.....
c - Confuse               Hex            #####...     1%          3    ###....


Dungeon Overview and Level Annotations

Branches:
Dungeon (7/15)             Temple (1/1) D:6

Altars:
Ashenzari
Cheibriados
Dithmenos
Fedhas
Gozag
Makhleb
Nemelex Xobeh
Okawaru
Qazlal
Sif Muna
Trog
Vehumet
Xom
Yredelemnul
Zin
The Shining One

Shops:
D:5 *


Innate Abilities, Weirdness & Mutations

You heal slowly.
You can bottle blood from corpses.
You have razor-sharp teeth.
You have supernaturally acute eyesight.
You can survive without breathing.


Message History

You hit the kobold demonologist but do no damage.
Your bite misses the kobold demonologist.
The kobold demonologist is lightly wounded.
The ufetubus barely misses you. The ufetubus hits you.
* * * LOW HITPOINT WARNING * * *
The kobold demonologist hits you with a dagger.
* * * LOW HITPOINT WARNING * * *
The ufetubus barely misses you. The ufetubus closely misses you.
The orange demon closely misses you. The orange demon hits you.
* * * LOW HITPOINT WARNING * * *
The ynoxinul misses you. The ufetubus closely misses you.
The ufetubus barely misses you. x2
The ufetubus hits you but does no damage.
You hit the kobold demonologist.
The kobold demonologist is moderately wounded.
The kobold demonologist hits you with a dagger.
* * * LOW HITPOINT WARNING * * *
The ufetubus closely misses you. x2
The ufetubus hits you.
You die...

#.............#S≈≈S≈≈≈≈C.≈
....#............'((.§§.§?≈§.
....#............K.....K§(§§.
....+............#≈≈≈≈§§§≈..
....#............#≈≈≈≈§§§≈≈§
....#............#§§≈§§§≈≈≈≈
#..........55.##≈§≈§≈≈≈≈
#.##'####+##3####§≈≈§≈§
#..)(......5K@4.##≈§≈≈
#.(.......÷.455..## #
####)...........5....## ##
...)..÷[).............##########.
...(.............................
....###'##'####'##...............
....+............#.....##+#####+#
....#............'.....#....#....
....#............#.....+....#....


You could see an orange demon, a hellwing, a kobold demonologist, a ynoxinul and
6 ufetubi.

Vanquished Creatures
  Eustachio (D:5)
  An ice beast (D:6)
  2 ogres (D:6)
  4 phantoms
  A necrophage (D:7)
  A big kobold (Sewer)
  Sigmund (D:3)
  4 giant frogs
  A centaur (D:6)
  A scorpion (D:7)
  2 crimson imps
  4 wights (D:6)
  2 giant frog zombies (D:5)
  2 goliath beetles (D:6)
  2 centaur skeletons
  3 orc priests (D:7)
  2 jellies (D:6)
  2 worker ants (D:7)
  9 orc wizards
  A killer bee zombie (D:6)
  Terence (D:3)
  14 gnolls
  A worker ant zombie (D:5)
  8 adders
  A shadow imp (D:5)
  5 worms
  A giant mite (D:3)
  An adder zombie (D:5)
  4 giant geckos
  3 oozes
  27 orcs
  2 bat skeletons (D:5)
  8 giant cockroaches
  12 goblins
  13 hobgoblins
  9 jackals
  A quokka (D:4)
  4 ball pythons (Sewer)
  12 bats
  A giant cockroach zombie (D:6)
  6 giant newts
  12 kobolds
  2 quokka zombies (D:5)
  11 rats
205 creatures vanquished.

Notes
Turn   | Place    | Note
--------------------------------------------------------------
     0 | D:1      | Minkie, the Vampire Enchanter, began the quest for the Orb.
     0 | D:1      | Reached XP level 1. HP: 13/13 MP: 3/3
   237 | D:1      | Reached XP level 2. HP: 13/19 MP: 4/4
   241 | D:1      | Learned a level 2 spell: Ensorcelled Hibernation
   401 | D:1      | Reached skill level 5 in Stealth
   476 | D:1      | Reached skill level 5 in Hexes
   476 | D:1      | Reached XP level 3. HP: 17/24 MP: 3/6
   783 | D:2      | Reached XP level 4. HP: 18/30 MP: 4/7
  1421 | D:2      | Reached skill level 6 in Stealth
  1845 | D:2      | Reached XP level 5. HP: 35/35 MP: 5/9
  2288 | D:3      | Found a glowing drain.
  2386 | Sewer    | Entered a sewer
  2572 | Sewer    | Reached skill level 7 in Stealth
  2572 | Sewer    | Reached XP level 6. HP: 41/41 MP: 5/10
  3333 | D:3      | Noticed Sigmund
  3342 | D:3      | HP: 2/41 [Sigmund/scythe of distortion (16)]
  3344 | D:3      | Killed Sigmund
  3886 | D:3      | Reached skill level 8 in Stealth
  3957 | D:3      | Noticed Terence
  3964 | D:3      | Killed Terence
  3997 | D:3      | Reached XP level 7. HP: 29/46 MP: 10/12
  4370 | D:4      | Got a slimy spear
  4456 | D:3      | Learned a level 3 spell: Confuse
  4579 | D:4      | Identified the Collected Works on Earthen Attacks
  4661 | D:4      | Reached skill level 5 in Short Blades
  4838 | D:5      | Entered Level 5 of the Dungeon
  5139 | D:4      | Reached skill level 9 in Stealth
  5928 | D:5      | Noticed Eustachio
  5941 | D:5      | Killed Eustachio
  5941 | D:5      | Reached XP level 8. HP: 52/52 MP: 7/13
  6305 | D:5      | Found a basalt altar of Yredelemnul.
  6316 | D:5      | Found Ghamny's Assorted Antiques.
  6326 | D:5      | Bought a steaming rapier for 261 gold pieces
  6326 | D:5      | Identified the cursed +4 rapier of the Valley of Death {pierce, Str-1} (You bought it in a shop on level 5 of the Dungeon)
  6479 | D:5      | Found a glowing golden altar of the Shining One.
  7097 | D:6      | Reached skill level 10 in Stealth
  7230 | D:6      | Found a staircase to the Ecumenical Temple.
  7238 | Temple   | Entered the Ecumenical Temple
  7538 | D:6      | Found a snail-covered altar of Cheibriados.
  8156 | D:6      | Reached skill level 10 in Hexes
  8324 | D:6      | Reached skill level 5 in Dodging
  8458 | D:6      | Reached XP level 9. HP: 57/57 MP: 12/14
  9380 | D:7      | Reached skill level 11 in Hexes
  9418 | D:7      | Noticed a cyclops
  9419 | D:7      | Noticed a kobold demonologist
  9439 | D:7      | Noticed an orange demon
  9448 | D:7      | Noticed a hellwing
  9453 | D:7      | Slain by an ufetubus

Action                   |  1- 3 |  4- 6 |  7- 9 || total
-------------------------+-------+-------+-------++-------
Melee: Dagger            |    50 |   155 |   162 ||   367
       Rapier            |       |       |   130 ||   130
 Fire: Blowgun           |       |    14 |       ||    14
 Cast: Ensorcelled Hiber |     7 |    46 |    84 ||   137
       Confuse           |       |       |    18 ||    18
  Use: Potion            |       |     1 |     2 ||     3
 Stab: Sleeping          |    11 |    46 |    70 ||   127
       Distracted        |       |     1 |     1 ||     2
       Confused          |       |       |    10 ||    10
  Eat: Corpse            |       |       |     1 ||     1
